 Dungeon Sprint DCSS version 0.29-a0-617-g7a6b98fccd (webtiles) character file.

Game seed: 4010527594414224326

6188 mhtbhm the Ruinous (level 10, -4/56 HPs)
             Began as a Tengu Conjurer on June 17, 2022.
             Was the Champion of Vehumet.
             Slain by a redback (15 damage)
             ... in the Dungeon (Sprint III: "The Ten Rune Challenge").
             The game lasted 00:09:57 (2976 turns).

mhtbhm the Ruinous (Tengu Conjurer)                 Turns: 2976, Time: 00:09:58

Health: -4/56      AC:  3    Str:  7    XL:     10   Next: 91%
Magic:  18/27      EV: 18    Int: 23    God:    Vehumet [******]
Gold:   2773       SH:  0    Dex: 13    Spells: 13/34 levels left

rFire   . . .      SeeInvis .     - Unarmed
rCold   . . .      Faith    .   (no shield)
rNeg    . . .      Spirit   .   a - +0 robe
rPois   .          Reflect  .   (helmet restricted)
rElec   .          Harm     .   j - +0 cloak
rCorr   .          Rampage  .   (no gloves)
Will    .....      NoTele   +   (boots unavailable)
Stlth   +++.......              (no amulet)
HPRegen 0.18/turn               (no ring)
MPRegen 0.20/turn               (no ring)

@: lethally poisoned (-4 -> -20), flying quickly and evasively, quick
A: beak, talons 3, nimble flight
a: Renounce Religion


You were in the Dungeon.
You worshipped Vehumet.
Vehumet was exalted by your worship.
You visited 1 branch You collected 2773 gold pieces.

Inventory:

Armour
 a - a +0 robe (worn)
 j - a +0 cloak (worn)
Scrolls
 h - 3 scrolls of identify {unknown}
 l - 2 scrolls of torment {unknown}
Potions
 b - 2 potions of magic
 d - a potion of heal wounds
 f - a potion of berserk rage
 i - 3 potions of flight
 k - 2 potions of mutation {unknown}
 m - a potion of brilliance {unknown}
 n - a potion of might
Miscellaneous
 o - a lightning rod (4/4)


   Skills:
 + Level 3.8 Fighting
 + Level 8.4 Dodging
 + Level 5.7 Stealth
 + Level 4.3 Unarmed Combat
 + Level 12.8 Spellcasting
 + Level 22.3 Conjurations
 + Level 1.9 Hexes
 + Level 1.3 Translocations
 + Level 3.4 Air Magic
 + Level 3.3 Poison Magic
 + Level 4.3 Evocations


You had 13 spell levels left.
You knew the following spells:

 Your Spells              Type           Power      Damage    Failure   Level
a - Magic Dart            Conj           100%       1d8       0%          1
b - Searing Ray           Conj           100%       2d8       0%          2
c - Dazzling Flash        Conj/Hex       100%       N/A       1%          3
d - Fulminant Prism       Conj/Hex       31%        3d16      1%          4
e - Mephitic Cloud        Conj/Pois/Air  56%        N/A       1%          3
f - Iskenderun's Mystic   Conj/Tloc      62%        2d13      1%          4
g - Sticky Flame          Conj/Fire      60%        2d8       1%          4

Your spell library contained the following spells:

 Spells                   Type           Power      Damage    Failure   Level
 Hailstorm                Conj/Ice       60%        3d13      1%          4
 Freezing Cloud           Conj/Ice/Air   26%        6-21      1%          5
 Ignite Poison            Fire/Tmut/Pois 19%        N/A       2%          3
 Portal Projectile        Hex/Tloc       44%        N/A       6%          3
 Call Canine Familiar     Summ           14%        N/A       13%         3
 Leda's Liquefaction      Hex/Erth       9%         N/A       28%         4


Dungeon Overview and Level Annotations

Branches:
Dungeon (1/1)

Altars:
Cheibriados
Dithmenos
Elyvilon
Fedhas
Gozag
Hepliaklqana
Kikubaaqudgha
Makhleb
Nemelex Xobeh
Okawaru
Qazlal
Ru
Sif Muna
Trog
Uskayaw
Vehumet
Wu Jian
Xom
Yredelemnul
Zin
The Shining One
Beogh
Jiyva
Lugonu

Shops:
D *


Innate Abilities, Weirdness & Mutations

You have a beak for a mouth.
You have claws for feet.
Your magical nature lets you fly swiftly and evasively.


Message History

The redback bites you!
You are lethally poisoned!
The redback poisons you!
Unknown command.
Casting: Searing Ray (safe; 0% risk of failure)
Confirm with . or Enter, or press ? or * to list all spells.
Restarting spell: Searing Ray (safe; 0% risk of failure)
Press: ? - help, Shift-Dir - straight line, f/p - redback
Aim: a redback (moderately wounded, 79% to hit)
The searing ray misses the redback. (Press . to maintain the ray.)
You feel extremely sick.
The redback bites you but does no damage.
The redback misses you.
Unknown command.
Casting: Searing Ray (safe; 0% risk of failure)
Confirm with . or Enter, or press ? or * to list all spells.
Okay, then.
Okay, then.
Casting: Searing Ray (safe; 0% risk of failure)
Confirm with . or Enter, or press ? or * to list all spells.
Okay, then.
Casting: Searing Ray (safe; 0% risk of failure)
Confirm with . or Enter, or press ? or * to list all spells.
Aiming: Sticky Flame (safe; 1% risk of failure)
Press: ? - help, Shift-Dir - straight line, f/p - redback
Aim: a redback (moderately wounded, 100% to hit)
The sticky flame hits the redback!
The redback is severely wounded.
The redback is covered in liquid flames!
* * * LOW HITPOINT WARNING * * *
You feel very sick.
The redback burns!
The redback closely misses you.
* * * LOW HITPOINT WARNING * * *
You feel very sick. The redback bites you.
* * * LOW HITPOINT WARNING * * *
Unknown command.
The redback attacks as you move away! The redback bites you!
You die...

≈≈≈≈≈≈....#.⌠.#__#...#)##########
≈≈≈≈≈.....#...#__#...#).§§§'.#.'.
≈≈≈.......#)###__#...#)#≈§≈#.#.#.
..........#.).#__#...÷.#§§§#.#.#)
..........#___#__'...#.#.§§#...#.
▓▓▓▓▓▓▓▓▓▓▓▓▓▓▓▓▓▓▓▓▓▓▓▓▓▓▓▓▓▓▓▓▓
♣.....♣♣♣♣≈≈≈........≈≈†.
♣.≈≈≈≈'♣♣'♣≈≈≈≈≈≈≈≈≈≈≈≈♣♣
+.....#s@♣♣♣♣♣♣♣♣♣♣♣♣♣♣♣♣
♣♣♣♣♣♣#..♣♣ ♣ ###'♣ ♣.# ♣.s.##
♣♣.# ♣. ♣


You could see a redback (burning).

Vanquished Creatures
  Snorg (D)
  A centaur warrior (D)
  An orc high priest (D)
  A deep elf pyromancer (D)
  An orc sorcerer (D)
  2 cane toads (D)
  A rime drake (D)
  An unseen horror (D)
  A komodo dragon (D)
  3 wandering mushrooms (D)
  A shadow (D)
  A spatial vortex (D)
  3 orc warriors (D)
  A swamp drake (D)
  2 centaurs (D)
  An earth elemental (D)
  A water elemental (D)
  A necrophage (D)
  A jelly (D)
  Crazy Yiuf (D)
  Jessica (D)
  A wizard (D)
  A necromancer (D)
  4 orc wizards (D)
  A kobold demonologist (D)
  3 humans (D)
  9 orcs (D)
  An endoplasm (D)
  2 rats (D)
49 creatures vanquished.

Vanquished Creatures (others)
  A hydra (D)
  3 fulminant prisms (D)
  3 plants (D)
7 creatures vanquished.

Grand Total: 56 creatures vanquished

Notes
Turn   | Place    | Note
-------+----------+-------------------------------------------
     0 | D        | mhtbhm the Tengu Conjurer began the quest for the Orb.
     0 | D        | Reached XP level 1. HP: 10/10 MP: 4/4
     5 | D        | Reached skill level 6 in Conjurations
    31 | D        | Noticed Jessica
    34 | D        | Killed Jessica
    35 | D        | Reached skill level 8 in Conjurations
    35 | D        | Reached XP level 2. HP: 15/15 MP: 1/6
    35 | D        | Reached XP level 3. HP: 19/19 MP: 1/8
   108 | D        | Learned a level 2 spell: Searing Ray
   112 | D        | Learned a level 3 spell: Dazzling Flash
   125 | D        | Noticed Crazy Yiuf
   135 | D        | Killed Crazy Yiuf
   136 | D        | Reached skill level 9 in Conjurations
   136 | D        | Reached XP level 4. HP: 24/24 MP: 4/9
   224 | D        | Reached skill level 10 in Conjurations
   423 | D        | Noticed a water elemental
   445 | D        | Killed a water elemental
   446 | D        | Reached skill level 11 in Conjurations
   446 | D        | Gained mutation: Your magical nature lets you fly swiftly
                  | and evasively. [Tengu growth]
   446 | D        | Reached XP level 5. HP: 28/28 MP: 3/12
   480 | D        | Learned a level 4 spell: Fulminant Prism
   615 | D        | Found a radiant altar of Vehumet.
   615 | D        | Found a shimmering blue altar of Sif Muna.
   615 | D        | Found an ancient bone altar of Kikubaaqudgha.
   617 | D        | Reached skill level 1 in Unarmed Combat
   617 | D        | Reached skill level 12 in Conjurations
   629 | D        | Became a worshipper of Vehumet
   639 | D        | Learned a level 3 spell: Mephitic Cloud
   644 | D        | Found a hide-covered altar of Uskayaw.
   644 | D        | Found an iron altar of Okawaru.
   644 | D        | Found a bloodstained altar of Trog.
   644 | D        | Found an ornate altar of the Wu Jian Council.
   644 | D        | Noticed a human
   644 | D        | Noticed a human
   654 | D        | Killed a human
   655 | D        | Reached skill level 5 in Dodging
   655 | D        | Reached skill level 5 in Spellcasting
   655 | D        | Reached skill level 14 in Conjurations
   655 | D        | Reached XP level 6. HP: 27/32 MP: 8/15
   657 | D        | Killed a human
   658 | D        | Reached skill level 15 in Conjurations
   658 | D        | Reached XP level 7. HP: 32/37 MP: 4/17
   756 | D        | Learned a level 4 spell: Iskenderun's Mystic Blast
   760 | D        | Found a basalt altar of Yredelemnul.
   760 | D        | Found a shadowy altar of Dithmenos.
   760 | D        | Found a sacrificial altar of Ru.
   763 | D        | Reached * piety under Vehumet
   763 | D        | Offered knowledge of Shock by Vehumet.
   813 | D        | Found a glowing silver altar of Zin.
   813 | D        | Found a glowing golden altar of the Shining One.
   813 | D        | Found a white marble altar of Elyvilon.
   813 | D        | Noticed a deep elf pyromancer
   822 | D        | Killed a deep elf pyromancer
   823 | D        | Reached skill level 1 in Fighting
   823 | D        | Reached skill level 17 in Conjurations
   823 | D        | Reached XP level 8. HP: 22/43 MP: 12/20
   996 | D        | Offered knowledge of Freeze by Vehumet.
   996 | D        | Reached ** piety under Vehumet
   997 | D        | Reached skill level 5 in Stealth
  1089 | D        | Noticed a shadow
  1093 | D        | Killed a shadow
  1213 | D        | Found a blossoming altar of Fedhas.
  1213 | D        | Found a stormy altar of Qazlal.
  1213 | D        | Found a snail-covered altar of Cheibriados.
  1213 | D        | Found a burning altar of Makhleb.
  1213 | D        | Found a shimmering altar of Xom.
  1227 | D        | Reached skill level 18 in Conjurations
  1291 | D        | Found a hazy altar of Hepliaklqana.
  1291 | D        | Found an opulent altar of Gozag.
  1291 | D        | Found a sparkling altar of Nemelex Xobeh.
  1291 | D        | Found a corrupted altar of Lugonu.
  1291 | D        | Found a viscous altar of Jiyva.
  1312 | D        | Noticed Snorg
  1320 | D        | Killed Snorg
  1320 | D        | Offered knowledge of Inner Flame by Vehumet.
  1321 | D        | Reached skill level 19 in Conjurations
  1321 | D        | Reached skill level 1 in Air Magic
  1321 | D        | Reached skill level 1 in Evocations
  1321 | D        | Reached XP level 9. HP: 23/48 MP: 19/23
  1483 | D        | Reached *** piety under Vehumet
  1494 | D        | Offered knowledge of Sticky Flame by Vehumet.
  1501 | D        | Noticed an orc high priest
  1506 | D        | Noticed an orc sorcerer
  1509 | D        | Reached **** piety under Vehumet
  1512 | D        | Killed an orc sorcerer
  1513 | D        | Reached skill level 10 in Spellcasting
  1513 | D        | Reached skill level 1 in Poison Magic
  1513 | D        | Killed an orc high priest
  1514 | D        | Reached skill level 20 in Conjurations
  1515 | D        | Reached ***** piety under Vehumet
  1535 | D        | Reached XP level 10. HP: 39/56 MP: 5/26
  1601 | D        | Found Vephigh's Assorted Antiques.
  1683 | D        | Learned a level 4 spell: Sticky Flame
  1716 | D        | Offered knowledge of Conjure Flame by Vehumet.
  1782 | D        | Noticed a centaur warrior
  1785 | D        | Reached skill level 1 in Hexes
  1787 | D        | Killed a centaur warrior
  1787 | D        | Reached ****** piety under Vehumet
  1788 | D        | Reached skill level 21 in Conjurations
  1906 | D        | Killed an unseen horror
  1906 | D        | Offered knowledge of Olgreb's Toxic Radiance by Vehumet.
  2108 | D        | Reached skill level 1 in Translocations
  2208 | D        | Noticed a cane toad
  2208 | D        | Noticed a cane toad
  2210 | D        | HP: 1/56 [cane toad (16)]
  2474 | D        | Killed a cane toad
  2476 | D        | Reached skill level 22 in Conjurations
  2557 | D        | Killed a four-headed hydra
  2663 | D        | Killed a cane toad
  2800 | D        | Offered knowledge of Hailstorm by Vehumet.
  2976 | D        | Slain by a redback

Illustrated notes

Levels and vault maps discovered:
D:        dungeon_sprint_mu [sprint_mu_entry_forest, sprint_mu_temple_rooms,
          sprint_mu_d1_horrors, sprint_mu_d2_genie, sprint_mu_d3_branching,
          sprint_mu_orc_legion, sprint_mu_elf_gauntlet, sprint_mu_hive_nellie,
          sprint_mu_lair_fedhas, sprint_mu_vaults_butterflies,
          sprint_mu_slime_circle, sprint_mu_swamp_cave, sprint_mu_snake_twists,
          sprint_mu_blade_basic, sprint_mu_crypt_lich, sprint_mu_tomb_spiral,
          sprint_mu_vestibule_basic, sprint_mu_gehenna_hellfire,
          sprint_mu_dis_giant, sprint_mu_tartarus_statrot,
          sprint_mu_cocytus_islands, sprint_mu_zot1]

Skill      XL: |  1  2  3  4  5  6  7  8  9 10 |
---------------+-------------------------------+-----
Conjurations   | 8 9 11 14 15 17 19 20 22 | 22.3
Dodging        | 3 5 6 7 8 |  8.4
Spellcasting   | 3 4 5 6 7 9 11 12 | 12.8
Stealth        | 3 4 5 |  5.7
Unarmed Combat | 1 2 3 4 |  4.3
Fighting       | 1 2 3 |  3.8
Air Magic      | 1 2 3 |  3.4
Evocations     | 1 2 4 |  4.3
Poison Magic   | 2 3 |  3.3
Hexes          | 1 |  1.9
Translocations | 1 |  1.3

Action                   |  1- 3 |  4- 6 |  7- 9 | 10-12 || total
-------------------------+-------+-------+-------+-------++-------
Melee: Unarmed           |       |     6 |       |       ||     6
       Kick              |       |     2 |       |       ||     2
 Cast: Magic Dart        |     6 |     2 |    18 |    16 ||    42
       Searing Ray       |     1 |     8 |    15 |    12 ||    36
       Dazzling Flash    |       |     1 |       |       ||     1
       Mephitic Cloud    |       |     2 |     4 |     1 ||     7
       Iskenderun's Myst |       |       |       |     5 ||     5
       Fulminant Prism   |       |       |       |     3 ||     3
       Sticky Flame      |       |       |       |     1 ||     1
Evoke: Lightning rod     |       |       |     8 |     7 ||    15
  Use: Potion            |       |     3 |       |     3 ||     6
       Scroll            |       |       |       |     1 ||     1
Armor: Robe              |       |       |     1 |     1 ||     2
Dodge: Dodged            |       |    13 |    24 |    12 ||    49

Table legend: (Time is in decaauts)
 A = Elapsed time spent in this place.
 B = Non-inter-level travel time spent in this place.
 C = Inter-level travel time spent in this place.
 D = Time resting spent in this place.
 E = Time spent auto-exploring this place.
 F = Levels seen in this place.
 G = Mean time per level.
                   A        B        C        D        E       F      G
               +--------+--------+--------+--------+--------+-----+--------+
         Total |   2922 |   2922 |      0 |   2230 |      1 |   1 | 2922.0 |
       Dungeon |   2922 |   2922 |      0 |   2230 |      1 |   1 | 2922.0 |
               +--------+--------+--------+--------+--------+-----+--------+

Top non-repeatable levels by time:
       D: 2922 daAuts
